 Dungeon Crawl Stone Soup version 0.28.0-45-g0d030f2227 (webtiles) character file.

Game seed: 2606899131141386972

105 Kangaroobicon the Cudgeller (level 4, -15/44 HPs)
             Began as a Troll Monk on Apr 19, 2022.
             Demolished by an ogre
             ... wielding a +0 giant club
              (18 damage)
             ... on level 4 of the Dungeon.
             The game lasted 00:16:28 (1959 turns).

Kangaroobicon the Cudgeller (Troll Monk)            Turns: 1959, Time: 00:16:28

Health: -15/44     AC:  5    Str: 19    XL:     4   Next: 53%
Magic:  3/3        EV: 10    Int:  6    God:
Gold:   126        SH:  0    Dex: 14    Spells: 3/3 levels left

rFire   + . .      SeeInvis .   a - +0 mace
rCold   x . .      Faith    .   (no shield)
rNeg    . . .      Spirit   .   b - +1 robe
rPois   .          Reflect  .   (helmet restricted)
rElec   .          Harm     .   (no cloak)
rCorr   +          Rampage  .   (gloves unavailable)
Will    .....                   (boots unavailable)
Stlth   ++........              (no amulet)
HPRegen 0.94/turn               l - ring of resist corrosion
MPRegen 0.08/turn               n - ring of fire

@: no status effects
A: large, unfitting armour, claws 3, regeneration 1, shaggy fur 1, tough skin 1
a: no special abilities


You were on level 4 of the Dungeon.
You visited 1 branch of the dungeon, and saw 4 of its levels.

You collected 126 gold pieces.

Inventory:

Hand Weapons
 a - a +0 mace (weapon)
Missiles
 f - 22 stones (quivered)
Armour
 b - a +1 robe (worn)
Jewellery
 l - a ring of resist corrosion (left claw)
 n - a ring of fire (right claw)
Scrolls
 c - a scroll of vulnerability
 e - a scroll of noise {unknown}
 h - 2 scrolls of enchant armour
 i - a scroll of immolation {unknown}
 k - a scroll of identify {unknown}
Potions
 d - 2 potions of ambrosia
 g - a potion of berserk rage {unknown}
 j - a potion of mutation {unknown}
 m - a potion of resistance {unknown}
 o - a potion of degeneration {unknown}


   Skills:
 + Level 2.9 Fighting
 + Level 3.5 Maces & Flails
 + Level 3.1 Dodging
 + Level 1.4 Stealth


You had 3 spell levels left.
You didn't know any spells.
Your spell library was empty.

Dungeon Overview and Level Annotations

Branches:
Dungeon (4/15)
 Temple: D:4-7

Altars:
Fedhas
Kikubaaqudgha

Portals:
Abyss: D:3

Annotations:
D:3 2 transporters, CryoSword's ghost, amateur DsAK


Innate Abilities, Weirdness & Mutations

You are too large for most types of armour.
You have claws for hands.
Your natural rate of healing is unusually fast.
You are covered in fur. (AC +1)
You have tough skin. (AC +1)


Message History

You climb downwards.
Found a scroll labelled UPNIUZXAG.
There is a stone staircase leading up here.
A dart slug comes into view.
A quokka comes into view.
The dart slug launches a dart at you. The slug dart hits you.
An ogre comes into view. It is wielding a +0 giant club.
You miss the quokka.
The quokka bites you but does no damage.
You hit the quokka.
The quokka is moderately wounded.
The ogre shouts!
The quokka bites you but does no damage. x2
You hit the quokka but do no damage.
The quokka is moderately wounded.
The quokka bites you.
You hit the quokka.
You kill the quokka!
You feel your willpower return.
You hit the dart slug.
The dart slug is severely wounded.
The dart slug bites you but does no damage.
You sock the dart slug!
You kill the dart slug!
You hit the ogre.
The ogre is lightly wounded.
The ogre closely misses you.
You thump the ogre!
The ogre is heavily wounded.
The ogre hits you with a +0 giant club!!
You hit the ogre.
The ogre is severely wounded.
The ogre hits you with a +0 giant club!!
Ouch! That really hurt!
* * * LOW HITPOINT WARNING * * *
You hit the ogre but do no damage.
The ogre is severely wounded.
The ogre hits you with a +0 giant club!!
You die...

###.. ##... ##...#
###....#####
##.....<....#.
#..............
##.......##....
###............
#..@#..........
#.O.#.........
.......?.#......
#.........w.......
...#..............
...#..............
.# ..#.......
#.##.###....


You could see an ogre.

Vanquished Creatures
  3 adders
  A shadow imp (D:3)
  A worm (D:2)
  4 dart slugs
  7 ball pythons
  4 endoplasms
  2 giant cockroaches
  5 goblins
  6 hobgoblins
  2 jackals (D:3)
  5 quokkas
  4 bats
  A frilled lizard (D:3)
  5 kobolds
  4 rats
54 creatures vanquished.

Notes
Turn   | Place    | Note
-------+----------+-------------------------------------------
     0 | D:1      | Kangaroobicon the Troll Monk began the quest for the Orb.
     0 | D:1      | Reached XP level 1. HP: 22/22 MP: 0/0
   131 | D:1      | Found a faded altar of an unknown god.
   216 | D:1      | Reached XP level 2. HP: 29/29 MP: 1/1
   636 | D:2      | Found a blossoming altar of Fedhas.
   653 | D:2      | Reached XP level 3. HP: 29/36 MP: 2/2
  1229 | D:3      | Reached XP level 4. HP: 41/44 MP: 3/3
  1347 | D:3      | Found a transporter.
  1414 | D:3      | Found a transporter.
  1705 | D:3      | Found a one-way gate to the infinite horrors of the Abyss.
  1705 | D:3      | Noticed CryoSword's ghost (amateur DsAK)
  1707 | D:3      | Noticed a small abomination
  1717 | D:3      | Found an ancient bone altar of Kikubaaqudgha.
  1881 | D:3      | Noticed a small abomination
  1948 | D:4      | Noticed an ogre
  1958 | D:4      | HP: 2/44 [ogre/+0 giant club (22)]
  1959 | D:4      | Demolished by an ogre

Illustrated notes

Levels and vault maps discovered:
D:1:      dpeg_arrival_pits, layout_loops_ring,
          nicolae_ecumenical_snake_handling, minmay_pentomino_s4
D:2:      layout_loops_ring, basic_altar
D:3:      layout_loops_ring, mainiacjoe_overflow_alcove_2,
          gammafunk_ghost_abyssal_escape
D:4:      cheibrodos_barr_body, layout_cave_pools,
          nicolae_overflow_crystal_walls, uniq_edmund

Skill      XL: |  1  2  3 |
---------------+----------+-----
Maces & Flails | 3 |  3.5
Dodging        | 3 |  3.1
Fighting       | |  2.9
Stealth        | |  1.4

Action                   |  1- 3 |  4- 6 || total
-------------------------+-------+-------++-------
Melee: Mace              |   136 |    67 ||   203
       Punch             |     2 |       ||     2
  Use: Scroll            |     1 |     1 ||     2
       Potion            |       |     1 ||     1
 Stab: Sleeping          |     7 |     1 ||     8
Armor: Robe              |    40 |    29 ||    69
Dodge: Dodged            |    78 |    34 ||   112
